Map: Agria Valley

Players

DikPound - Winner!

  • Race: Terran Terran
  • League: Gold
  • Spawn Location: 5:00

tylerlavally

  • Race: Terran Terran
  • Spawn Location: 11:00

VOD

Have the link to the VOD?

Description

Time

  • Played on: March 4, 2022, 3:04 a.m.
  • Length: 41:50
Show
View Real Time Build Order
Export as new Build Order

DikPound Terran - Winner!

Build Orders:  

Get SALT Encoding   

  12  0:00  SCV  
  13  0:12  SCV  
  14  0:19  Supply Depot  
  14  0:29  SCV  
  15  0:42  SCV  
  16  0:45  Refinery, Barracks  
  16  0:54  SCV  
  17  1:06  SCV  
  18  1:18  SCV  
  19  1:30  SCV  
  20  1:34  Refinery, Reaper  
  21  1:53  Orbital Command  
  21  1:56  Command Center  
  21  2:15  Barracks Reactor  
  21  2:19  Factory  
  21  2:23  SCV  
  21  2:38  SCV  
  22  2:55  SCV  
  23  3:07  Supply Depot, Marine x2  
  23  3:08  Starport  
  23  3:11  SCV  
  28  3:17  Hellion  
  28  3:24  Bunker  
  28  3:29  SCV x2  
  28  3:32  Marine x2  
  32  3:42  Hellion  
  32  3:43  SCV  
  32  3:47  Medivac  
  37  3:48  SCV  
  38  4:03  Marine  
  38  4:04  Marine  
  38  4:06  Hellion  
  42  4:12  SCV  
  42  4:13  SCV  
  42  4:16  Supply Depot  
  44  4:20  Fusion Core  
  44  4:24  SCV  
  44  4:25  Barracks  
  44  4:27  SCV  
  44  4:29  Barracks  
  46  4:38  SCV  
  47  4:39  SCV  
  47  4:41  Hellion  
  52  4:49  Starport Reactor  
  52  4:50  SCV  
  52  4:51  SCV  
  52  5:02  SCV  
  53  5:14  SCV  
  54  5:16  Refinery  
  54  5:19  Refinery  
  54  5:28  SCV  
  47  5:40  SCV  
  47  5:42  Marine x2  
  47  5:45  Factory Tech Lab  
  47  5:47  Barracks Tech Lab x2  
  48  6:09  SCV  
  48  6:10  SCV  
  50  6:16  Engineering Bay  
  50  6:17  Engineering Bay  
  50  6:20  Marauder  
  50  6:21  Marauder  
  50  6:22  Starport  
  54  6:34  Supply Depot  
  54  6:46  Terran Infantry Armor Level 1, Terran Infantry Weapons Level 1  
  54  6:48  Missile Turret  
  54  6:55  Siege Tank, Marine  
  54  6:56  Marauder x2  
  62  7:02  Starport Tech Lab  
  62  7:04  Supply Depot  
  62  7:13  Missile Turret  
  62  7:14  Supply Depot  
  62  7:25  Viking x2, Marauder, Marine x2  
  70  7:35  Combat Shield, Marine  
  70  7:36  Stimpack  
  71  7:45  Supply Depot x2  
  71  7:46  Marine  
  71  7:47  Marauder x2  
  76  7:53  Marine  
  77  8:04  Siege Tank  
  80  8:12  Missile Turret  
  80  8:15  Missile Turret  
  80  8:19  Missile Turret, SCV x2  
  82  8:23  Missile Turret  
  82  8:24  Marauder x2, Marine x2  
  88  8:28  Battlecruiser  
  88  8:33  Supply Depot  
  88  8:34  Viking x2, Supply Depot  
  98  8:46  Marauder x2  
  102  8:54  Marine x2  
  104  8:59  Ghost Academy  
  104  9:02  Ghost Academy  
  104  9:05  Viking x2  
  104  9:08  Marauder x2  
  112  9:12  Marine x2  
  112  9:14  SCV  
  115  9:17  Armory  
  115  9:21  Supply Depot  
  115  9:22  Supply Depot  
  115  9:35  Viking  
  117  9:40  Orbital Command  
  117  9:45  Command Center  
  113  10:01  Personal Cloaking  
  113  10:02  Nuke  
  111  10:07  Ghost x2  
  111  10:09  Marine  
  111  10:10  Marine  
  117  10:27  Marine x2  
  119  10:29  Thor  
  119  10:31  Viking  
  127  11:10  Ghost x2  
  127  11:11  Marine x2  
  133  11:25  Supply Depot  
  133  11:26  Terran Infantry Weapons Level 2  
  133  11:27  Supply Depot  
  133  11:29  Marine  
  133  11:32  Viking x2  
  138  11:33  Battlecruiser  
  142  12:02  Orbital Command  
  140  12:15  Ghost x2  
  142  12:16  Marine x2  
  142  12:20  Thor  
  142  12:21  Viking  
  142  12:22  Viking  
  156  12:36  SCV  
  157  12:37  Battlecruiser  
  163  12:44  Supply Depot  
  163  12:49  SCV  
  164  12:53  Supply Depot  
  164  13:01  Weapon Refit, SCV  
  165  13:07  Supply Depot  
  165  13:13  SCV  
  165  13:15  Supply Depot  
  166  13:24  Medivac  
  166  13:26  Medivac  
  170  13:34  Marine  
  170  13:35  Marine  
  170  13:36  Marauder x2  
  170  13:38  Supply Depot  
  176  13:41  Raven  
  178  14:13  Marauder x2  
  178  14:14  Marine x2  
  178  14:15  Thor  
  190  14:18  Viking x2  
  186  14:37  SCV  
  185  14:41  Missile Turret  
  185  14:47  Marauder x2, Marine x2  
  185  14:49  SCV  
  185  14:52  Raven  
  194  14:53  Viking  
  194  14:55  Viking  
  198  15:01  SCV  
  198  15:05  Marine  
  200  15:11  Nuke x2  
  200  15:34  Terran Infantry Armor Level 2, Terran Infantry Weapons Level 3  
  200  15:38  Missile Turret  
  200  15:39  Missile Turret  
  194  17:12  Nuke  
  194  17:13  Nuke  
  194  17:25  SCV  
  194  17:27  Missile Turret  
  195  17:37  SCV  
  196  17:49  SCV  
  197  18:20  Missile Turret  
  197  18:23  Missile Turret x2  
  197  18:24  Missile Turret  
  197  18:26  Missile Turret x2  
  197  18:29  Missile Turret  
  197  18:30  Missile Turret  
  197  18:31  Missile Turret  
  197  18:33  Missile Turret x2  
  197  18:34  Missile Turret  
  197  18:35  SCV  
  197  18:36  Missile Turret  
  197  18:38  Missile Turret x2  
  198  18:41  Missile Turret  
  198  18:46  Missile Turret  
  198  18:47  SCV  
  199  18:50  Missile Turret  
  199  18:52  Missile Turret x2  
  199  18:54  Missile Turret  
  199  18:55  Missile Turret  
  199  18:56  Missile Turret x2  
  199  18:57  Missile Turret  
  199  18:58  Missile Turret x2  
  199  19:04  Missile Turret  
  199  19:09  Missile Turret  
  197  19:18  Nuke  
  197  19:19  Nuke  
  195  20:21  Command Center  
  195  20:27  Missile Turret x3  
  195  20:33  Missile Turret x3  
  195  20:35  Missile Turret x2  
  195  20:37  Missile Turret  
  191  21:29  Ghost x2  
  195  21:40  Refinery  
  195  21:41  Planetary Fortress  
  195  21:42  Refinery  
  174  22:49  Command Center  
  174  22:51  Command Center  
  174  22:54  Command Center  
  174  23:24  Nuke  
  174  23:25  Nuke  
  174  23:39  Missile Turret  
  174  23:40  Missile Turret  
  174  23:42  Missile Turret  
  174  23:43  Refinery  
  174  23:46  Refinery  
  174  24:00  Missile Turret  
  174  24:02  Missile Turret  
  174  24:07  Command Center  
  174  24:09  Planetary Fortress  
  174  24:10  Command Center, Planetary Fortress x2  
  172  25:10  Ghost x2  
  176  25:31  Nuke x2  
  172  26:55  Nuke  
  153  28:19  Battlecruiser  
  159  28:25  Viking x2  
  163  28:35  Missile Turret  
  163  28:55  Viking x2, Missile Turret  
  167  29:16  Missile Turret  
  167  29:23  Battlecruiser  
  163  29:25  Viking x2  
  167  29:36  Missile Turret  
  167  29:55  Viking x2  
  168  30:28  Battlecruiser  
  174  30:56  Terran Infantry Armor Level 3  
  174  31:00  Terran Vehicle Weapons Level 1  
  174  31:08  Armory  
  174  31:31  Starport  
  174  31:32  Battlecruiser  
  180  31:34  Starport  
  172  32:36  Battlecruiser  
  178  32:40  Starport Tech Lab  
  178  32:48  Starport Tech Lab  
  178  32:49  Viking x2  
  182  33:33  Battlecruiser x2  
  194  33:40  Battlecruiser  
  200  33:59  Terran Vehicle And Ship Armor Level 1  
  200  34:06  Terran Ship Weapons Level 1  
  200  34:44  Command Center x3  
  200  34:47  Command Center  
  200  34:50  Command Center  
  200  34:54  Command Center  
  200  34:56  Command Center  
  200  34:59  Command Center  
  200  35:05  Command Center  
  186  35:58  Terran Vehicle And Ship Armor Level 2  
  186  36:01  Terran Ship Weapons Level 2  
  186  36:09  Planetary Fortress  
  186  36:10  Planetary Fortress x2  
  182  36:11  Planetary Fortress  
  182  36:12  Planetary Fortress  
  182  36:13  Planetary Fortress  
  182  36:15  Planetary Fortress x2  
  177  36:44  Command Center  
  177  36:52  Command Center  
  177  36:53  Command Center  
  177  36:54  Command Center  
  177  37:00  Battlecruiser  
  162  38:14  Missile Turret  
  162  38:16  Missile Turret  
Show
View Real Time Build Order
Export as new Build Order

tylerlavally Terran 

Build Orders:  

Get SALT Encoding   

  12  0:03  SCV  
  13  0:15  SCV  
  14  0:25  Refinery  
  14  0:36  Supply Depot  
  14  0:37  SCV  
  15  0:58  SCV  
  15  0:59  Barracks  
  16  1:08  Barracks  
  16  1:19  SCV  
  17  1:31  SCV  
  18  1:43  SCV  
  19  1:49  Marine  
  20  1:55  SCV  
  21  2:02  Refinery  
  21  2:06  Factory  
  21  2:07  Marine, SCV  
  23  2:22  Supply Depot  
  23  2:44  Marine x2  
  25  2:48  Supply Depot  
  25  3:01  Marine  
  25  3:02  Factory Tech Lab  
  26  3:10  Supply Depot  
  26  3:16  Orbital Command  
  26  3:21  Engineering Bay  
  26  3:32  Barracks Reactor  
  26  3:35  Barracks Reactor  
  26  3:42  Siege Tank  
  29  4:03  Command Center  
  29  4:14  Siege Tank  
  32  4:37  Supply Depot  
  32  4:46  Missile Turret  
  32  4:54  Marine x2  
  32  4:55  Marine x2  
  36  5:08  Missile Turret  
  36  5:12  Marine x2  
  36  5:13  Marine x2  
  39  5:32  Missile Turret  
  37  5:54  Missile Turret  
  37  6:16  Marine  
  37  6:17  Marine x3  
  41  6:21  SCV  
  41  6:25  SCV  
  43  6:34  Marine x2, SCV  
  43  6:35  Marine x2  
  43  6:36  Starport  
  43  6:37  SCV  
  49  6:46  SCV  
  50  6:49  SCV  
  51  6:58  SCV  
  52  7:01  SCV  
  52  7:05  Terran Infantry Weapons Level 1  
  53  7:10  SCV  
  53  7:13  SCV  
  53  7:14  Missile Turret  
  55  7:22  SCV  
  56  7:26  SCV  
  57  7:30  Medivac  
  57  7:34  SCV  
  60  7:38  Missile Turret, SCV  
  60  7:43  Refinery  
  61  7:46  SCV  
  61  7:47  Widow Mine  
  61  7:50  SCV  
  65  7:58  SCV  
  65  8:02  SCV  
  65  8:04  Factory  
  67  8:09  Widow Mine  
  69  8:40  Supply Depot  
  69  8:42  Starport Tech Lab  
  69  8:56  Factory Reactor  
  69  8:59  Terran Infantry Armor Level 1  
  69  9:03  Supply Depot  
  69  9:07  Supply Depot  
  69  9:23  SCV  
  70  9:26  Supply Depot  
  70  9:28  Refinery  
  70  9:30  Supply Depot  
  70  9:34  Missile Turret  
  70  9:35  SCV  
  71  9:41  Widow Mine  
  71  9:42  Widow Mine  
  75  9:47  SCV  
  75  9:49  Command Center  
  76  9:53  Supply Depot  
  76  9:54  Missile Turret  
  77  10:00  SCV  
  77  10:01  Medivac  
  77  10:03  Widow Mine x2  
  83  10:12  SCV  
  84  10:20  Marine x4  
  88  10:24  Widow Mine  
  88  10:25  Widow Mine  
  92  10:37  Marine  
  92  10:38  Marine x3  
  96  10:55  Marine x2  
  96  10:56  Marine x2  
  100  11:10  Medivac  
  102  11:13  Marine x3  
  102  11:14  Marine  
  106  11:40  Medivac  
  106  11:46  Missile Turret  
  108  11:49  Missile Turret  
  108  11:50  Missile Turret  
  108  11:51  Missile Turret  
  108  11:54  Missile Turret  
  108  12:27  SCV  
  109  12:39  SCV  
  109  12:41  Missile Turret  
  110  12:45  Marine x3  
  110  12:46  Marine  
  110  12:51  SCV  
  115  13:03  Supply Depot, Missile Turret, Marine x4, SCV  
  120  13:15  SCV  
  121  13:21  Marine  
  121  13:26  Supply Depot, Missile Turret  
  122  13:39  Refinery  
  122  13:42  Refinery  
  122  13:51  Supply Depot  
  122  14:05  Armory  
  122  14:07  Sensor Tower  
  122  14:18  Marine x3  
  122  14:19  Marine  
  123  14:36  Marine  
  124  14:40  Sensor Tower  
  124  15:05  Widow Mine x2  
  128  15:07  Thor  
  128  15:09  Terran Infantry Weapons Level 2  
  134  15:16  Medivac  
  136  15:26  Widow Mine x2  
  140  15:46  SCV  
  140  15:48  Widow Mine x2  
  145  15:50  Thor  
  151  15:59  SCV  
  152  16:09  Widow Mine  
  152  16:11  SCV  
  155  16:23  SCV  
  146  16:35  SCV  
  147  16:45  Siege Tank  
  150  17:02  Orbital Command  
  116  17:17  Siege Tank  
  119  17:25  Terran Infantry Armor Level 2  
  119  17:39  Marine x3  
  119  17:40  Marine  
  123  17:57  Marine x4  
  127  18:15  Marine x4  
  131  18:32  Marine  
  131  18:33  Marine x3  
  135  18:45  Medivac  
  137  19:15  Medivac  
  139  19:37  Thor  
  145  19:43  Marine x4  
  149  19:47  Widow Mine x2  
  149  19:48  Medivac  
  155  20:00  Marine  
  155  20:01  Marine  
  157  20:09  Supply Depot  
  157  20:12  Supply Depot  
  157  20:20  Orbital Command  
  157  20:30  Liberator  
  157  20:31  Supply Depot, Marine x4  
  157  20:34  Thor  
  157  20:35  Supply Depot  
  170  20:48  Marine x2  
  172  20:55  Supply Depot  
  172  20:59  Supply Depot  
  172  21:15  Orbital Command  
  172  21:41  Orbital Command  
  172  21:43  Orbital Command  
  137  22:17  Marine  
  137  22:18  Marine x3  
  102  22:35  Marine x2  
  102  22:36  Marine x2  
  106  22:48  Command Center  
  106  22:52  Missile Turret  
  106  22:54  Missile Turret  
  106  22:57  Missile Turret  
  106  22:59  Marine x4  
  106  23:04  Hellion x2  
  114  23:06  Cyclone  
  114  23:10  Banshee  
  114  23:11  Missile Turret  
  120  23:14  Missile Turret  
  120  23:16  Missile Turret  
  120  23:17  Marine x4  
  124  23:25  Hellion  
  124  23:26  Hellion  
  128  23:34  Marine x2  
  128  23:38  Cyclone  
  133  23:43  Refinery  
  133  23:45  Refinery  
  133  23:47  Hellion x2  
  137  23:51  Starport  
  137  23:53  Banshee  
  140  24:05  Starport  
  140  24:10  Cyclone  
  143  24:26  Barracks  
  143  24:36  Banshee  
  146  24:42  Cyclone  
  149  24:48  Barracks  
  140  25:14  Cyclone, SCV  
  140  25:18  Banshee  
  146  25:24  Marine x3  
  146  25:25  Marine x2  
  146  25:26  SCV  
  151  25:38  SCV  
  151  25:42  Marine x4  
  151  25:43  Marine  
  151  25:47  Cyclone  
  160  25:50  Widow Mine x2  
  160  25:51  SCV  
  162  26:00  Marine x5  
  162  26:01  Banshee  
  162  26:03  SCV  
  170  26:11  Widow Mine x2  
  170  26:18  Marine x3  
  172  26:19  Cyclone  
  178  26:33  Widow Mine  
  178  26:47  Medivac  
  180  26:51  Cyclone  
  183  26:58  Terran Vehicle Weapons Level 1  
  183  27:01  Starport Tech Lab  
  183  27:07  Barracks Reactor  
  183  27:13  Command Center  
  183  27:17  Medivac  
  185  27:23  Cyclone  
  164  27:46  Banshee  
  148  27:53  Marine x4  
  148  27:54  Marine x2  
  148  27:55  Cyclone  
  130  28:11  Marine x6  
  134  28:20  Missile Turret  
  134  28:24  Missile Turret  
  134  28:27  SCV, Barracks  
  135  28:28  Marine  
  135  28:29  Banshee, Marine x5  
  144  28:39  SCV  
  144  28:40  Missile Turret  
  145  28:44  Missile Turret  
  145  28:46  Marine  
  146  28:51  SCV  
  146  28:52  Terran Vehicle And Ship Armor Level 1  
  147  29:03  SCV  
  148  29:12  Banshee  
  148  29:15  SCV  
  135  29:30  Marine  
  135  29:31  Marine x5  
  130  29:37  Barracks Reactor  
  131  29:42  Terran Infantry Armor Level 3  
  131  29:48  Marine x3  
  131  29:49  Marine x3  
  137  29:55  Medivac  
  139  30:01  Starport Tech Lab  
  139  30:06  Marine x3  
  139  30:07  Marine x3, Fusion Core  
  145  30:23  SCV  
  145  30:24  Marine  
  145  30:25  Medivac  
  149  30:28  Barracks Reactor  
  149  30:35  SCV  
  150  30:46  Terran Ship Weapons Level 1  
  150  30:47  SCV  
  151  30:50  Medivac  
  153  30:59  SCV  
  154  31:11  SCV  
  155  31:20  Medivac  
  155  31:25  Marine x2  
  159  31:33  Marine x3  
  159  31:34  Marine x3  
  165  31:42  Marine  
  165  31:43  Marine  
  167  31:51  Marine x4  
  167  31:52  Marine x2  
  173  31:56  Refinery  
  173  32:00  Marine x2  
  166  32:09  Marine  
  156  32:18  Marine x2  
  156  32:19  Terran Infantry Weapons Level 3  
  137  33:49  Command Center  
  137  34:12  Marine x2  
  139  34:23  Missile Turret  
  139  34:29  Marine  
  139  34:30  Marine  
  141  34:43  Missile Turret  
  141  34:47  Marine x2  
  143  35:04  Missile Turret  
  143  35:05  Marine x2  
  151  35:07  Battlecruiser  
  151  35:08  Battlecruiser  
  151  35:12  Battlecruiser  
  163  35:24  Refinery  
  159  36:23  Battlecruiser  
  165  36:43  Marine x3  
  165  36:44  Marine x3  
  171  37:01  Marine x2  
  171  37:02  Marine x2  
  175  37:19  Marine x2  
  177  37:47  Battlecruiser  
  177  37:50  Barracks Tech Lab  
  183  37:55  Barracks Reactor  
  100  39:18  SCV  
  101  39:30  SCV  
  102  39:33  SCV  
  103  39:43  SCV  
  103  39:45  SCV  
  105  39:55  SCV  
  105  39:57  SCV  
  107  40:02  Battlecruiser  
  107  40:04  Marine x6  
  69  40:58  Marine x3  
Tags
 
League
Gold
Matchup
TvT
Race
Terran
Spawn Locations
Cross Positions
Add a new tag
Caveats
  • Supply blocks, unpowered buildings, or Contaminate may cause inaccurate times.
  • Supply counts are checked every 10 seconds.